 Dungeon Crawl Stone Soup version 0.25-a0-803-g58bd18402a (webtiles) character file.

Game seed: 16345076349491761454, levelgen mode: deterministic

604 Majang the Chopper (level 7, -3/56 HPs)
             Began as a Formicid Fighter on Apr 19, 2020.
             Was an Initiate of Makhleb.
             Slain by an ogre
             ... wielding a +0 giant club
              (16 damage)
             ... on level 4 of the Dungeon.
             The game lasted 00:15:45 (4432 turns).

Majang the Chopper (Formicid Fighter)               Turns: 4432, Time: 00:15:45

Health: -3/56      AC:  9    Str: 22    XL:     7   Next: 70%
Magic:  8/8        EV:  8    Int:  8    God:    Makhleb [......]
Gold:   162        SH:  9    Dex: 10    Spells: 6/6 levels left

rFire    . . .     SeeInvis +   a - +0 war axe
rCold    . . .     Gourm    .   c - +0 kite shield
rNeg     . . .     Faith    .   b - +0 scale mail
rPois    .         Spirit   .   (helmet unavailable)
rElec    .         Reflect  .   d - +0 cloak
rCorr    .         Harm     .   (no gloves)
MR       .....                  B - +0 pair of boots
Stlth    ..........             (no amulet)
HPRegen  0.18/turn              (no ring)
MPRegen  0.11/turn              (no ring)

@: no status effects
A: permanent stasis, dig shafts and tunnels, four strong arms, antennae 3
a: Dig, Shaft Self, Renounce Religion


You were on level 4 of the Dungeon.
You worshipped Makhleb.
Makhleb was noncommittal.
You were very hungry.

You visited 2 branches of the dungeon, and saw 5 of its levels.

You collected 162 gold pieces.

Inventory:

Hand Weapons
 a - a +0 war axe (weapon)
 r - a +2 whip of electrocution
 t - a +2 flail of protection
Missiles
 i - 109 stones (quivered)
 m - 17 poisoned darts
 y - 2 throwing nets
 A - 33 bolts
Armour
 b - a +0 scale mail (worn)
 c - a +0 kite shield (worn)
 d - a +0 cloak (worn)
 B - a +0 pair of boots (worn)
Jewellery
 s - an uncursed ring of protection from magic {unknown}
 w - a cursed ring of attention {unknown}
Wands
 x - a wand of acid (10)
Scrolls
 g - a scroll of random uselessness {unknown}
 j - 3 scrolls of remove curse {unknown}
 l - 2 scrolls of identify {unknown}
 o - a scroll of enchant weapon {unknown}
 q - a scroll of teleportation {unknown}
Potions
 e - 3 potions of curing
 h - 2 potions of flight {unknown}
 k - a potion of mutation {unknown}
 n - a potion of brilliance {unknown}
 p - 3 potions of degeneration {unknown}
 u - a potion of invisibility {unknown}
 v - 2 potions of heal wounds {unknown}
 z - a potion of haste {unknown}
Comestibles
 f - 3 rations


   Skills:
 + Level 5.5 Fighting
 * Level 6.1 Axes
 + Level 3.7 Armour
 + Level 1.0 Dodging
 + Level 4.0 Shields
 + Level 1.4 Invocations


You had 6 spell levels left.
You didn't know any spells.
Your spell library was empty.

Dungeon Overview and Level Annotations

Branches:
Dungeon (4/15)             Temple (1/1) D:4

Altars:
Ashenzari
Dithmenos
Elyvilon
Fedhas
Hepliaklqana
Kikubaaqudgha
Makhleb
Nemelex Xobeh
Okawaru
Qazlal
Ru
Trog
Uskayaw
Vehumet
Wu Jian
Xom
Zin


Innate Abilities, Weirdness & Mutations

You cannot be hasted, slowed, berserked, paralysed or teleported.
You can dig through walls and to a lower floor.
Your four strong arms can wield two-handed weapons with a shield.
You have a pair of large antennae on your head. (SInv)


Message History

The ogre is lightly wounded.
You hit the kobold.
You kill the kobold!
Makhleb accepts your kill. You block the ogre's attack.
You hit the ogre.
The ogre is lightly wounded.
You slash the orc!
You kill the orc!
Makhleb accepts your kill.
The ogre hits you with a +0 giant club!!
You closely miss the ogre.
The ogre is lightly wounded.
The ogre hits you with a +0 giant club!!
* * * LOW HITPOINT WARNING * * *
Are you sure you want to shaft yourself?
You are feeling very hungry.
The giant cockroach bites you but does no damage.
The ogre hits you with a +0 giant club!
You die...

#..## #...# ###
##..# #.. #..#
##### #.. #..##
#...^# ##.
###...##.#≈≈.. ##
#.#...###⌠#...#. #
#...##O≈#.⌠##
#.....#.{#@)##
#...###..##s#..≈.≈
#..# #...#≈.#.%≈#.
#.# #...##.#...≈.
#. #....##.###⌠# .
#......###≈≈.# ###
##...O..## ### #.#
#........ #..
#......... ###


You could see an ogre and a giant cockroach.

Vanquished Creatures
  Grinder (D:4)
  Duvessa (D:4)
  Dowan (D:4)
  A howler monkey (D:4)
  An orc wizard (D:3)
  A worker ant (D:4)
  Robin (D:3)
  3 adders (D:3)
  2 worms (D:3)
  A dart slug (D:1)
  6 leopard geckos
  7 orcs
  4 bats
  7 giant cockroaches
  17 goblins
  14 hobgoblins
  4 jackals (D:2)
  2 quokkas (D:4)
  6 frilled lizards
  7 kobolds
  4 rats
91 creatures vanquished.

Notes
Turn   | Place    | Note
-------+----------+-------------------------------------------
     0 | D:1      | Majang the Formicid Fighter began the quest for the Orb.
     0 | D:1      | Reached XP level 1. HP: 18/18 MP: 1/1
   191 | D:1      | Reached XP level 2. HP: 24/24 MP: 2/2
   522 | D:1      | Reached XP level 3. HP: 30/30 MP: 3/3
   548 | D:1      | Reached skill level 3 in Axes
  1109 | D:2      | Found a hide-covered altar of Uskayaw.
  1177 | D:2      | Found a shimmering altar of Xom.
  1178 | D:2      | Found a hazy altar of Hepliaklqana.
  1179 | D:2      | Noticed a spectral ugly thing
  1352 | D:2      | Reached XP level 4. HP: 37/37 MP: 4/4
  2200 | D:3      | Reached skill level 4 in Axes
  2200 | D:3      | Reached XP level 5. HP: 39/42 MP: 5/5
  2925 | D:3      | Noticed Robin
  2927 | D:3      | Killed Robin
  3296 | D:4      | Noticed Duvessa
  3296 | D:4      | Noticed Dowan
  3432 | D:4      | Killed Duvessa
  3432 | D:4      | Reached skill level 5 in Fighting
  3432 | D:4      | Reached skill level 5 in Axes
  3432 | D:4      | Reached XP level 6. HP: 32/51 MP: 6/6
  3436 | D:4      | Killed Dowan
  3784 | D:4      | Found a staircase to the Ecumenical Temple.
  3790 | Temple   | Entered the Ecumenical Temple
  3855 | Temple   | Became a worshipper of Makhleb the Destroyer
  4060 | D:4      | Found a glowing silver altar of Zin.
  4131 | D:4      | Reached XP level 7. HP: 47/56 MP: 7/7
  4283 | D:4      | Noticed Grinder
  4313 | D:4      | Killed Grinder
  4313 | D:4      | Reached skill level 6 in Axes
  4313 | D:4      | Reached skill level 1 in Dodging
  4313 | D:4      | Reached skill level 1 in Invocations
  4432 | D:4      | Slain by an ogre

Levels and vault maps discovered:
D:1:      mrwooster_arrival_statue_2, layout_loops_corners, minivault_26,
          hangedman_feature_mirror
D:2:      layout_loops_corners, nicolae_overflow_crystal_walls,
          regret_index_temple_of_mockery
D:3:      layout_loops_ring, small_statue_intersection, uniq_robin
D:4:      layout_cave_pods, lemuel_doored_altar,
          minmay_temple_entry_enclosed_plants, first_ration, tgw_xom,
          uniq_duvessa, uniq_pikel, uniq_grinder
Temple:   dshaligram_water_room_temple

Skill      XL: |  1  2  3  4  5  6  7 |
---------------+----------------------+-----
Axes           | 3 4 5 6 |  6.1
Fighting       | 4 5 |  5.5
Dodging        | 1 |  1.0
Shields        | 4 |  4.0
Invocations    | 1 |  1.4
Armour         | |  3.7

Action                   |  1- 3 |  4- 6 |  7- 9 || total
-------------------------+-------+-------+-------++-------
Melee: War axe           |   132 |   175 |    28 ||   335
 Abil: Dig               |     2 |     5 |     3 ||    10
       Shaft Self        |       |       |     1 ||     1
  Use: Potion            |       |     2 |       ||     2
  Eat: Chunk             |     2 |     9 |     1 ||    12
Armor: Scale mail        |    58 |    63 |     6 ||   127
Dodge: Dodged            |    39 |    41 |     5 ||    85
Block: Kite shield       |    54 |    66 |    12 ||   132

Table legend:
 A = Non-vault XP
 B = Vault XP
 C = Vault XP percentage of total XP
 D = Non-vault monster count
 E = Vault monster count
 F = Vault count percentage of total count
                 A         B        C        D         E       F
            +---------+---------+-------+---------+---------+-------
      Total |     300 |     563 |  65.2 |      71 |      20 |  22.0
            +---------+---------+-------+---------+---------+-------
        D:1 |      48 |       5 |   9.4 |      26 |       2 |   7.1
        D:2 |      27 |       0 |   0.0 |      15 |       0 |   0.0
        D:3 |     125 |      37 |  22.8 |      22 |      13 |  37.1
        D:4 |     100 |     521 |  83.9 |       8 |       5 |  38.5
            +---------+---------+-------+---------+---------+-------
